 Dungeon Crawl Stone Soup version 0.31-a0-246-g8cbcc1cb85 (webtiles) character file.

Game seed: 2881162073158567213

146 Dittersdorf the Covered (level 5, -12/33 HPs)
             Began as a Gargoyle Fighter on July 12, 2023.
             Killed by divine providence
             ... invoked by an orc priest
              (15 damage)
             ... on level 3 of the Dungeon.
             The game lasted 00:03:00 (2090 turns).

Dittersdorf the Covered (Gargoyle Fighter)          Turns: 2090, Time: 00:03:00

Health: -12/33     AC: 15    Str: 24    XL:     5   Next: 28%
Magic:  5/5        EV:  8    Int: 15    God:
Gold:   125        SH:  4    Dex:  9    Spells: 4/4 levels left

rFire   + . .        a - +0 flail
rCold   . . .        c - +0 buckler
rNeg    + + .        u - +2 chain mail "Sujyrim" {rF+ Will+ Str+3}
rPois   ∞            (no helmet)
rElec   +            (no cloak)
rCorr   .            (no gloves)
SInv    .            (no boots)
Will    +....        f - amulet of the acrobat Stlth
                     l - ring of positive energy
HPRegen 0.25/turn    m - +6 ring of intelligence
MPRegen 0.09/turn

%: acrobat
@: no status effects
A: sickness immunity, AC +4, negative energy resistance 1, electricity
resistance, torment resistance 1, petrification resistance
a: no special abilities


You were on level 3 of the Dungeon.
You visited 1 branch of the dungeon, and saw 3 of its levels.

You collected 125 gold pieces.

Inventory:

Hand Weapons
 a - a +0 flail (weapon)
Missiles
 r - 4 poisoned darts
Armour
 c - a +0 buckler (worn)
 u - the +2 chain mail "Sujyrim" (worn) {rF+ Will+ Str+3}
   (You found it on level 3 of the Dungeon)

   Str:       It affects your strength (+3).
   rF:        It protects you from fire.
   Will:      It increases your willpower.
Jewellery
 f - an amulet of the acrobat (around neck)
 l - a ring of positive energy (left hand)
 m - a +6 ring of intelligence (right hand)
Scrolls
 b - a scroll of blinking {unknown}
 h - a scroll of identify {unknown}
 i - a scroll of teleportation {unknown}
 n - a scroll of revelation {unknown}
 p - a scroll of enchant armour {unknown}
 q - a scroll of fog {unknown}
 v - a scroll of immolation {unknown}
Potions
 d - a potion of might
 e - a potion of brilliance {unknown}
 g - a potion of mutation {unknown}
 j - 6 potions of curing {unknown}
 k - 3 potions of invisibility {unknown}
 o - 3 potions of lignification {unknown}
 s - 2 potions of enlightenment {unknown}
 t - a potion of heal wounds {unknown}


   Skills:
 + Level 4.2 Fighting
 + Level 3.1 Maces & Flails
 + Level 4.3 Armour
 + Level 4.2 Shields


You had 4 spell levels left.
You didn't know any spells.
Your spell library contained the following spells:

 Spells                   Type           Power      Damage    Failure   Level
 Sting                    Tmut/Pois      0%         1d3       87%         1
 Poisonous Vapours        Pois/Air       0%         N/A       95%         2
 Dazzling Flash           Conj/Hex       0%         N/A       99%         3
 Volatile Blastmotes      Fire/Tloc      0%         2d10      99%         3
 Olgreb's Toxic Radiance  Pois           0%         N/A       100%        4
 Starburst                Conj/Fire      0%         6d3       100%        6
 Haunt                    Necr/Summ      0%         N/A       100%        7
 Borgnjor's Revivificati  Necr           0%         N/A       100%        8
 Maxwell's Capacitive Co  Air            0%         ∞         100%        8
 Death's Door             Necr           0%         N/A       100%        9


Dungeon Overview and Level Annotations

Branches:
Dungeon (3/15)

Altars:
Cheibriados
Ru

Shops:
D:3 (


Innate Abilities, Weirdness & Mutations

You are immune to sickness and miasma.
Your stone body is resilient. (AC +4)
You are immune to poison.
You resist negative energy. (rN+)
You are resistant to electric shocks. (rElec)
You are resistant to unholy torment.
You are immune to petrification.


Message History

You completely miss the orc priest.
The orc priest is heavily wounded.
The orc priest invokes the aid of Beogh against you.
Beogh smites you!
You are too injured to fight recklessly!
You are too injured to fight recklessly!
You are too injured to fight recklessly!
You are too injured to fight recklessly!
You are too injured to fight recklessly!
You are too injured to fight recklessly!
You are too injured to fight recklessly!
You are too injured to fight recklessly!
You are too injured to fight recklessly!
You are too injured to fight recklessly!
You are too injured to fight recklessly!
You are too injured to fight recklessly!
You are too injured to fight recklessly!
You are too injured to fight recklessly!
You are too injured to fight recklessly!
You are too injured to fight recklessly!
You are too injured to fight recklessly!
You closely miss the orc priest.
The orc priest is heavily wounded.
The orc priest invokes the aid of Beogh against you.
You resist with some effort.
The orc priest calls down the wrath of Beogh upon you.
You resist with some effort.
You closely miss the orc priest.
The orc priest is heavily wounded.
The orc priest barely misses you.
You sock the orc priest!
The orc priest is almost dead.
The orc priest invokes the aid of Beogh against you.
Beogh smites you!
* * * LOW HITPOINT WARNING * * *
You closely miss the orc priest.
The orc priest is almost dead.
The orc priest invokes the aid of Beogh against you.
Beogh smites you!
You die...

#......#.# ##...##
#.# #.##.###.# ##+##
#.# #.##.###.# .# #.#
#.##.....# .# #.#
#.############.## #.
#.####.....##...##
#.......##.#.....#
######..##.##...#####
#†.##.#)@o......
#..##.#.########
#.......# #.###.###
#.....# #######


You could see an orc priest.

Vanquished Creatures
  2 sleepcaps (D:3)
  2 adders (D:2)
  A worm (D:2)
  2 dart slugs (D:1)
  4 orcs (D:3)
  6 endoplasms
  3 giant cockroaches
  5 goblins
  9 hobgoblins
  3 kobolds
  3 quokkas
  9 ball pythons
  2 bats
  4 frilled lizards
  5 rats
60 creatures vanquished.

Notes
Turn   | Place    | Note
-------+----------+-------------------------------------------
     0 | D:1      | Dittersdorf the Gargoyle Fighter began the quest for the
                  | Orb.
     0 | D:1      | Reached XP level 1. HP: 14/14 MP: 1/1
   105 | D:1      | Reached XP level 2. HP: 19/19 MP: 2/2
   398 | D:1      | Reached XP level 3. HP: 23/23 MP: 3/3
   399 | D:1      | Found a faded altar of an unknown god.
   928 | D:2      | Reached XP level 4. HP: 29/29 MP: 4/4
  1512 | D:3      | Found a sacrificial altar of Ru.
  1515 | D:3      | Found a snail-covered altar of Cheibriados.
  1683 | D:3      | Noticed an ice beast
  1683 | D:3      | Noticed an ice beast
  1874 | D:3      | Identified the +2 chain mail "Sujyrim" {rF+ Will+ Str+3}
  1956 | D:3      | Found Oschic's Weapon Shop.
  2003 | D:3      | Reached XP level 5. HP: 33/33 MP: 5/5
  2090 | D:3      | Killed from afar by an orc priest

Illustrated notes

Levels and vault maps discovered:
D:1:      lightli_arrival_flooded_house, layout_basic,
          shapermc_ecumenical_altar_mp_urbaneastern, minmay_ruptured
D:2:      layout_rooms
D:3:      layout_loops_corners, chequers_temple_overflow_statue_of_worship,
          serial_shops, shop, lightli_corner_chamber

Skill      XL: |  1  2  3  4 |
---------------+-------------+-----
Armour         | 4 |  4.3
Fighting       | 4 |  4.2
Shields        | 4 |  4.2
Maces & Flails | 3 |  3.1

Action                     |  1- 3 |  4- 6 || total
---------------------------+-------+-------++-------
  Melee: Flail             |    90 |   100 ||   190
 Armour: Scale mail        |    22 |    24 ||    46
         Chain mail        |       |    26 ||    26
  Dodge: Dodged            |    43 |    64 ||   107
  Block: Buckler           |    16 |    21 ||    37

Table legend: (Time is in decaauts)
 A = Elapsed time spent in this place.
 B = Non-inter-level travel time spent in this place.
 C = Inter-level travel time spent in this place.
 D = Time resting spent in this place.
 E = Time spent auto-exploring this place.
 F = Levels seen in this place.
 G = Mean time per level.
                   A        B        C        D        E       F      G
               +--------+--------+--------+--------+--------+-----+--------+
         Total |   2146 |   2052 |     94 |      0 |   1558 |   3 |  715.3 |
       Dungeon |   2146 |   2052 |     94 |      0 |   1558 |   3 |  715.3 |
               +--------+--------+--------+--------+--------+-----+--------+

Top non-repeatable levels by time:
     D:1: 795 daAuts
     D:3: 765 daAuts
     D:2: 584 daAuts
